 Dungeon Crawl Stone Soup version 0.13.0-59-g13bd910 (webtiles) character file.

10914 Lilouch the Firebug (level 11, -6/70 HPs)
             Began as a Mummy Fire Elementalist on Nov 21, 2013.
             Was a High Priest of Nemelex Xobeh.
             Mangled by a water elemental (16 damage)
             ... on Level 11 of the Dungeon.
             The game lasted 02:39:23 (20098 turns).

Lilouch the Firebug (Mummy Fire Elementalist)      Turns: 20098, Time: 02:39:23

HP  -6/70        AC 11     Str 11      XL: 11   Next: 35%
MP  25/25        EV 11     Int 17      God: Nemelex Xobeh [*****.]
Gold 564         SH  8     Dex 12      Spells:  7 memorised,  6 levels left

Res.Fire  : x . .   See Invis. : .   a - +1,+3 orc short sword (protect)
Res.Cold  : + + .   Warding    : .   v - +2 robe
Life Prot.: + + +   Conserve   : .   o - +0 buckler
Res.Poison: +       Res.Corr.  : .   (no helmet)
Res.Elec. : .       Clarity    : .   h - +0 elf cloak
Sust.Abil.: . .     Spirit.Shd : .   r - +0 pair of gauntlets
Res.Mut.  : .       Stasis     : .   (no boots)
Res.Rott. : +       Flight     : .   (no amulet)
Saprovore : . . .                    p - ring of protection from cold
                                     K - ring of protection from magic

@: very resistant to hostile enchantments, stealthy
A: no food or potions, fire vulnerability, restore body, cold resistance 1, life
protection 3, poison resistance, torment resistance, unbreathing
a: Draw One, Peek at Two, Triple Draw, Deal Four, Stack Five, Renounce Religion


You were on level 11 of the Dungeon.
You worshipped Nemelex Xobeh.
Nemelex Xobeh was extremely pleased with you.
You were not hungry.

You visited 2 branches of the dungeon, and saw 12 of its levels.
You also visited: Ossuary.

You collected 676 gold pieces.
You spent 132 gold pieces at shops.

Inventory:

Hand weapons
 a - a +1,+3 orcish short sword of protection (weapon)
 d - a +0,+0 bow of frost
 z - a +1,+0 hand axe of electrocution
 F - a +1,+1 orcish trident of venom
 I - a +0 blowgun
Missiles
 k - 16 darts of frost (quivered)
 t - 5 poisoned javelins
 w - 33 arrows
 H - 7 curare-tipped needles
 J - 94 poisoned needles
Armour
 h - a +0 elven cloak (worn)
 o - a +0 buckler (worn)
 r - a +0 pair of gauntlets (worn)
 v - a +2 robe (worn)
Magical devices
 E - a wand of slowing (12)
 N - a wand of random effects (8) {unknown}
 T - a wand of fire (8) {unknown}
 W - a wand of lightning (1)
 Y - a wand of disintegration (17) {unknown}
 Z - a wand of fireball (6)
Comestibles
 i - 4 grapes
 x - 6 sultanas
Scrolls
 e - 3 scrolls of teleportation
 f - a scroll of enchant weapon III {unknown}
 g - a scroll of curse armour {unknown}
 j - 2 scrolls of fog
 l - 5 scrolls of remove curse
 m - 2 scrolls of fear {unknown}
 n - 2 scrolls of blinking
 q - a scroll of enchant armour
 u - 4 scrolls of magic mapping {unknown}
 A - 3 scrolls of enchant weapon I
 D - a scroll of random uselessness
 G - 4 scrolls of enchant weapon II
 M - 2 scrolls of amnesia
Jewellery
 p - a ring of protection from cold (right hand)
 C - an uncursed ring of teleportation
 K - a ring of protection from magic (left hand)
Books
 R - a book of Wizardry

   Spells                             Type                      Level
   Summon Elemental                   Summoning                    4
   Agony                              Necromancy                   5
   Force Lance                        Conjuration                  5
   *Fireball                          Conjuration/Fire             5
   Haste                              Charms                       6
   Invisibility                       Hexes                        6
Magical staves
 b - an uncursed staff of wizardry
 B - an uncursed staff of fire
Miscellaneous
 c - a plain deck of escape {drawn: 9}
 s - a lamp of fire
 y - an ornate deck of dungeons {drawn: 1}
 L - a plain deck of destruction {drawn: 6}
 O - a plain deck of escape {drawn: 1}


   Skills:
 + Level 1.5 Fighting
 - Level 2.6 Armour
 - Level 1.5 Dodging
 + Level 3.7 Stealth
 - Level 2.3 Shields
 + Level 7.3 Spellcasting
 - Level 6.6 Conjurations
   Level 0.6 Necromancy
 + Level 7.7 Fire Magic
 - Level 4.0 Air Magic
 + Level 6.8 Evocations


You had 6 spell levels left.
You knew the following spells:

 Your Spells              Type           Power        Failure   Level  Hunger
a - Flame Tongue          Conj/Fire      ####.        1%          1    N/A
b - Throw Flame           Conj/Fire      ####..       1%          2    N/A
c - Conjure Flame         Conj/Fire      ####....     1%          3    N/A
d - Sticky Flame          Conj/Fire      ####....     8%          4    N/A
e - Fireball              Conj/Fire      ####......   17%         5    N/A
f - Apportation           Tloc           #.........   14%         1    N/A
g - Swiftness             Chrm/Air       ##........   10%         2    N/A

Dungeon Overview and Level Annotations

Branches:
Dungeon (11/27)            Temple (1/1) D:4             Orc (0/4) D:7
   Lair: D:8-13

Altars:
Ashenzari
Cheibriados
Elyvilon
Fedhas
Kikubaaqudgha
Makhleb
Nemelex Xobeh
Okawaru
Sif Muna
Trog
Vehumet
Xom
Yredelemnul
Zin
the Shining One

Shops:
D:8 ![%?   D:11 }

Annotations:
D:9 exclusion: statue


Innate Abilities, Weirdness & Mutations

You do not eat or drink.
Your flesh is vulnerable to fire.
Your flesh is cold resistant.
You are immune to negative energy.
Your system is resistant to poisons.
You are immune to unholy pain and torment.
You can survive without breathing.


Message History

The water elemental barely misses you.
Your shield prevents you from hitting the water elemental.
The water elemental is moderately damaged.
The water elemental hits you.
You hit the water elemental but do no damage.
The water elemental is moderately damaged.
The electric eel shoots out a bolt of electricity!
The bolt of electricity hits you!
* * * LOW HITPOINT WARNING * * *
The water elemental hits you.
* * * LOW HITPOINT WARNING * * *
You are too injured to fight recklessly!
With effort, you pull free of the water engulfing you.
The electric eel shoots out a bolt of electricity!
The bolt of electricity hits you!
* * * LOW HITPOINT WARNING * * *
You see here 15 darts.
The water elemental hits you!
You die...
Your body glows with a rainbow of weird colours and disappears.

#(# #....≈≈≈≈≈≈≈≈≈≈ #.#
#.....≈..≈≈≈≈≈≈ #.#
#......;.≈≈≈≈≈≈
#.#####.......{≈≈≈≈≈≈
#...........# #.....
#...........# #.....
#...........# #.....
#...E.....### #.....
####...@.....######.....
#.......................
#.......................
#.....................(∩
#....######...........##
#...P..####...........#
#....# #.............#
#....# ###.........%.#
#....# #...........##


You could see a water elemental.

Vanquished Creatures
  A hill giant (D:10)
  An unseen horror (D:11)
  A cyclops (D:11)
  Psyche (D:8)
  A troll (D:11)
  A two-headed ogre (D:9)
  A wyvern (D:8)
  A hungry ghost (D:10)
  3 hippogriffs
  Eustachio (D:9)
  2 wolves (D:11)
  6 orc warriors
  A soldier ant (D:11)
  A necrophage (D:11)
  A yellow wasp (D:9)
  2 sky beasts
  2 centaurs
  A crocodile (D:9)
  A phantom (D:8)
  6 ice beasts
  10 ogres
  A black bear (D:11)
  A big kobold (D:9)
  A water moccasin (D:11)
  2 gnoll sergeants (D:7)
  7 giant frogs
  An eye of draining (D:11)
  3 jellyfish (D:11)
  2 electric eels (D:11)
  8 killer bees
  11 wights
  3 goliath beetles
  6 crimson imps
  A giant frog zombie (D:9)
  A quasit (D:4)
  7 orc priests
  2 human zombies (Ossuary)
  2 giant frog skeletons
  A jelly (D:10)
  15 hounds
  6 iguanas
  15 orc wizards
  2 scorpions
  10 worker ants
  A big kobold zombie (Ossuary)
  Terence (D:2)
  2 mummies (Ossuary)
  10 gnolls
  15 adders
  A lemure (D:9)
  2 giant centipedes
  8 worms
  A giant mite (D:7)
  An ufetubus (D:9)
  An elf zombie (Ossuary)
  An iguana skeleton (D:10)
  3 giant eyeballs
  3 giant geckos
  An ooze (D:4)
  66 orcs
  3 ball pythons (D:3)
  4 giant cockroaches
  12 hobgoblins
  26 jackals
  18 kobolds
  5 quokkas
  15 bats
  A giant gecko zombie (D:7)
  8 giant newts
  7 goblins
  A goblin skeleton (D:4)
  A goblin zombie (Ossuary)
  A hobgoblin skeleton (D:8)
  10 hobgoblin zombies (Ossuary)
  A kobold skeleton (D:6)
  11 kobold zombies (Ossuary)
  8 orc zombies (Ossuary)
  A quokka skeleton (D:6)
  13 rats
  2 rat zombies (Ossuary)
  A plant (D:3)
419 creatures vanquished.

Notes
Turn   | Place    | Note
--------------------------------------------------------------
     0 | D:1      | Lilouch, the Mummy Fire Elementalist, began the quest for the Orb.
     0 | D:1      | Reached XP level 1. HP: 13/13 MP: 3/3
   336 | D:1      | Reached skill level 1 in Conjurations
   790 | D:1      | Reached XP level 2. HP: 19/19 MP: 1/4
  1293 | D:2      | Reached XP level 3. HP: 24/24 MP: 3/6
  1607 | D:2      | Noticed Terence
  1617 | D:2      | Killed Terence
  2394 | D:2      | Reached XP level 4. HP: 13/30 MP: 4/8
  2620 | D:3      | Learned a level 2 spell: Throw Flame
  2624 | D:3      | Learned a level 3 spell: Conjure Flame
  2894 | D:3      | Reached skill level 3 in Fire Magic
  3135 | D:3      | Reached XP level 5. HP: 35/35 MP: 7/10
  3142 | D:3      | Found a glowing silver altar of Zin.
  4148 | D:4      | Reached XP level 6. HP: 17/41 MP: 1/13
  4470 | D:4      | Found a shattered altar of Ashenzari.
  4778 | D:4      | Reached skill level 4 in Spellcasting
  4846 | D:4      | Learned a level 4 spell: Sticky Flame
  4955 | D:4      | Found a staircase to the Ecumenical Temple.
  4980 | Temple   | Entered the Ecumenical Temple
  5334 | Temple   | Became a worshipper of Nemelex Xobeh
  5346 | Temple   | Received a gift from Nemelex Xobeh
  5474 | D:5      | Entered Level 5 of the Dungeon
  5780 | D:5      | Reached XP level 7. HP: 40/46 MP: 2/16
  6105 | D:5      | Acquired Nemelex Xobeh's first power
  6768 | D:5      | Reached skill level 5 in Spellcasting
  7503 | D:5      | Learned a level 5 spell: Fireball
  7733 | D:5      | Reached XP level 8. HP: 42/52 MP: 8/20
  7823 | D:5      | Found an ancient bone altar of Kikubaaqudgha.
  8082 | D:5      | Reached skill level 1 in Evocations
  8780 | D:6      | Reached skill level 5 in Fire Magic
  8923 | D:6      | Reached skill level 5 in Conjurations
  9392 | D:6      | Acquired Nemelex Xobeh's second power
  9710 | D:6      | Reached XP level 9. HP: 57/57 MP: 10/21
  9749 | D:6      | Received a gift from Nemelex Xobeh
  9929 | D:6      | Learned a level 2 spell: Sublimation of Blood
 10040 | D:6      | Received a gift from Nemelex Xobeh
 10575 | D:7      | Reached skill level 6 in Fire Magic
 10911 | D:7      | Found a sand-covered staircase.
 10911 | D:7      | Found a staircase to the Orcish Mines.
 10916 | Ossuary  | Entered an ossuary
 11514 | D:7      | Acquired Nemelex Xobeh's third power
 12310 | D:8      | Received a gift from Nemelex Xobeh
 12430 | D:8      | Found Lays' Food Emporium.
 12468 | D:8      | Reached skill level 1 in Armour
 12638 | D:8      | Reached skill level 5 in Evocations
 13300 | D:8      | Found Mnok's Distillery.
 13310 | D:8      | Found Soxeda's Armour Shoppe.
 13361 | D:8      | Found Kein's Magic Scroll Shop.
 13370 | D:8      | Bought a scroll of immolation for 12 gold pieces
 13370 | D:8      | Bought a scroll of identify for 24 gold pieces
 13370 | D:8      | Bought a scroll of identify for 24 gold pieces
 13370 | D:8      | Bought a scroll of teleportation for 36 gold pieces
 13373 | D:8      | Learned a level 1 spell: Apportation
 13376 | D:8      | Learned a level 2 spell: Swiftness
 13377 | D:8      | Acquired Nemelex Xobeh's fourth power
 13380 | D:8      | Bought a scroll of immolation for 12 gold pieces
 13380 | D:8      | Bought a scroll of curse jewellery for 24 gold pieces
 13494 | D:8      | Noticed Psyche
 13882 | D:8      | Reached XP level 10. HP: 63/63 MP: 15/23
 14035 | D:8      | Killed Psyche
 14405 | D:9      | Reached skill level 1 in Air Magic
 14626 | D:9      | Noticed a wizard statue
 15031 | D:9      | Reached skill level 7 in Fire Magic
 15455 | D:9      | Received a gift from Nemelex Xobeh
 15536 | D:10     | Entered Level 10 of the Dungeon
 16119 | D:9      | Acquired Nemelex Xobeh's fifth power
 16311 | D:9      | Noticed Eustachio
 16318 | D:9      | Killed Eustachio
 16318 | D:9      | Reached skill level 1 in Fighting
 16797 | D:10     | Received a gift from Nemelex Xobeh
 16840 | D:10     | Noticed a hill giant
 16852 | D:10     | Killed a hill giant
 16852 | D:10     | Reached skill level 1 in Shields
 18323 | D:11     | Reached XP level 11. HP: 34/69 MP: 11/25
 18670 | D:11     | Found Zyhiut's Gadget Boutique.
 18736 | D:11     | Killed an unseen horror
 19312 | D:11     | Noticed a cyclops
 19367 | D:11     | Killed a cyclops
 20098 | D:11     | Mangled by a water elemental

Action                   |  1- 3 |  4- 6 |  7- 9 | 10-12 || total
-------------------------+-------+-------+-------+-------++-------
Melee: Dagger            |    30 |       |       |       ||    30
       Spear             |       |    19 |       |       ||    19
       Flail             |       |    36 |     6 |       ||    42
       Short sword       |       |       |   158 |   128 ||   286
       Trident           |       |       |    74 |    59 ||   133
       Staff             |       |       |    16 |    30 ||    46
 Fire: Sling             |    25 |   163 |   167 |       ||   355
       Blowgun           |       |     2 |    12 |       ||    14
Throw: Stone             |       |       |     9 |       ||     9
 Cast: Flame Tongue      |    60 |   103 |   340 |   251 ||   754
       Conjure Flame     |       |    10 |    36 |    34 ||    80
       Throw Flame       |       |     6 |    53 |    81 ||   140
       Sticky Flame      |       |       |    16 |    20 ||    36
       Fireball          |       |       |     1 |     8 ||     9
       Swiftness         |       |       |       |     3 ||     3
Invok: Peek at Two       |       |       |    13 |     2 ||    15
Evoke: Deck              |       |     5 |    10 |     5 ||    20
       Wand              |       |       |     1 |       ||     1
  Use: Scroll            |       |       |    13 |     6 ||    19
